 Seeded DCSS version 0.29-a0-876-gfc89b1a5bd (webtiles) character file.

Game seed: 8897551386731462229 (custom seed)

280 wilfster70 the Trooper (level 6, -1/39 HPs)
             Began as a Gargoyle Fighter on July 19, 2022.
             Killed from afar by raph's ghost (25 damage)
             ... with a stone arrow
             ... on level 4 of the Dungeon.
             The game lasted 00:06:40 (3604 turns).

wilfster70 the Trooper (Gargoyle Fighter)           Turns: 3604, Time: 00:06:40

Health: -1/39      AC: 24    Str: 19    XL:     6   Next: 27%
Magic:  6/6        EV:  5    Int: 11    God:
Gold:   858        SH:  4    Dex:  9    Spells: 5/5 levels left

rFire   . . .      SeeInvis .   a - +3 war axe
rCold   . . .      Faith    .   c - +0 buckler
rNeg    + . .      Spirit   .   f - +0 plate armour
rPois   ∞          Reflect  .   (no helmet)
rElec   +          Harm     .   (no cloak)
rCorr   .          Rampage  .   h - +0 pair of gloves
Will    .....                   g - +2 pair of boots {Fly}
Stlth   ..........              q - amulet of the acrobat
HPRegen 0.13/turn               m - +4 ring of protection
MPRegen 0.10/turn               (no ring)

@: flying
A: sickness immunity, AC +4, negative energy resistance 1, electricity
resistance, torment resistance 1, petrification resistance
a: no special abilities


You were on level 4 of the Dungeon.
You visited 1 branch of the dungeon, and saw 4 of its levels.

You collected 858 gold pieces.

Inventory:

Hand Weapons
 a - a +3 war axe (weapon)
Missiles
 b - 2 javelins (quivered)
Armour
 c - a +0 buckler (worn)
 f - a +0 plate armour (worn)
 g - a +2 pair of boots of flying (worn)
 h - a +0 pair of gloves (worn)
Jewellery
 m - a +4 ring of protection (left hand)
 q - an amulet of the acrobat (around neck)
 v - a ring of fire
Scrolls
 i - a scroll of enchant armour {unknown}
 j - 2 scrolls of poison
 k - a scroll of magic mapping {unknown}
 l - 3 scrolls of teleportation
 n - 2 scrolls of amnesia {unknown}
 o - 2 scrolls of blinking {unknown}
 p - a scroll of vulnerability {unknown}
 r - a scroll of identify
 t - a scroll of brand weapon {unknown}
 w - a scroll of enchant weapon {unknown}
Potions
 d - a potion of might
 e - a potion of mutation {unknown}
 s - a potion of flight {unknown}
 u - 2 potions of curing


   Skills:
 + Level 4.7 Fighting
 * Level 4.2 Axes
 + Level 4.6 Armour
 - Level 3.2 Shields


You had 5 spell levels left.
You didn't know any spells.
Your spell library contained the following spells:

 Spells                   Type           Power      Damage    Failure   Level
 Apportation              Tloc           0%         N/A       100%        1
 Necrotise                Necr           0%         1d4       100%        1
 Summon Small Mammal      Summ           0%         N/A       100%        1
 Ensorcelled Hibernation  Hex/Ice        0%         N/A       100%        2
 Passwall                 Tmut/Erth      0%         N/A       100%        2
 Swiftness                Air            0%         N/A       100%        3


Dungeon Overview and Level Annotations

Branches:
Dungeon (4/15)
 Temple: D:4-7

Altars:
Trog
Xom

Annotations:
D:4 1 transporter, raph's ghost, amateur DEEE


Innate Abilities, Weirdness & Mutations

You are immune to sickness and miasma.
Your stone body is resilient. (AC +4)
You are immune to poison.
You resist negative energy. (rN+)
You are resistant to electric shocks. (rElec)
You are resistant to unholy torment.
You are immune to petrification.


Message History

You block the water moccasin zombie's attack.
You slash the water moccasin zombie!
The water moccasin zombie is heavily damaged.
You hit raph's ghost.
Raph's ghost is lightly damaged.
Raph's ghost casts a spell at you. The stone arrow misses you.
You hit raph's ghost.
Raph's ghost is moderately damaged.
Raph's ghost barely misses you.
You barely miss raph's ghost.
Raph's ghost is moderately damaged.
Raph's ghost casts a spell at you. The stone arrow hits you!
You slash raph's ghost!
Raph's ghost is heavily damaged.
Raph's ghost hits you but does no damage.
Raph's ghost gestures at you while chanting.
The blast of sand hits you but does no damage.
You closely miss raph's ghost.
Raph's ghost is heavily damaged.
You barely miss raph's ghost.
Raph's ghost is heavily damaged.
Raph's ghost shrieks, "You will join me soon!"
Raph's ghost points at you and mumbles some strange words.
You resist with significant effort.
You closely miss raph's ghost.
Raph's ghost is heavily damaged.
Raph's ghost hits you but does no damage.
You block raph's ghost's attack.
You slash raph's ghost!
Raph's ghost is severely damaged.
Raph's ghost hits you but does no damage.
You completely miss raph's ghost.
Raph's ghost is severely damaged.
Raph's ghost hits you but does no damage.
Raph's ghost points at you and mumbles some strange words.
The stone arrow hits you!!
Ouch! That really hurt!
You die...

#...#©...... #.
#...#......) .#.
#...#[.###.###..#
#...#..#8#.#8#..#.
#...#..........$#.
#..©#.....©....[#©..
##..#....ZZ....?#..+####
#..#..#8#W#8#..#.......
#..#..###@### .#.....
#..#...........#....
#..#...........#..+#
#..#############...#
#..................#
#..................#######
##################.#......
#.#.##### #.#......


You could see raph's ghost, a water moccasin zombie and a bullfrog skeleton.

Vanquished Creatures
  An orc priest (D:3)
  An orc wizard (D:3)
  7 gnolls
  7 adders
  2 worms
  A dart slug (D:1)
  11 orcs
  4 bats
  10 endoplasms
  3 giant cockroaches
  A goblin (D:2)
  6 hobgoblins
  4 jackals (D:1)
  8 kobolds
  6 ball pythons
  7 frilled lizards
  A rat (D:3)
80 creatures vanquished.

Vanquished Creatures (others)
  6 fungi (D:2)
  A plant (D:2)
7 creatures vanquished.

Grand Total: 87 creatures vanquished

Notes
Turn   | Place    | Note
-------+----------+-------------------------------------------
     0 | D:1      | wilfster70 the Gargoyle Fighter began the quest for the
                  | Orb.
     0 | D:1      | Reached XP level 1. HP: 14/14 MP: 1/1
   179 | D:1      | Reached XP level 2. HP: 19/19 MP: 2/2
   328 | D:1      | Identified a scroll of acquirement
   328 | D:1      | Acquired a +2 pair of boots of flying
   655 | D:1      | Acquired 595 gold pieces
   799 | D:2      | Reached XP level 3. HP: 22/23 MP: 3/3
  1141 | D:2      | Reached XP level 4. HP: 29/29 MP: 4/4
  1511 | D:2      | Found a faded altar of an unknown god.
  1996 | D:3      | Reached XP level 5. HP: 33/33 MP: 5/5
  2605 | D:3      | Found a bloodstained altar of Trog.
  2652 | D:3      | Found a shimmering altar of Xom.
  3302 | D:3      | Reached XP level 6. HP: 39/39 MP: 6/6
  3582 | D:4      | Found a transporter.
  3587 | D:4      | Noticed raph's ghost (amateur DEEE)
  3588 | D:4      | Found a transporter.
  3604 | D:4      | Killed from afar by raph's ghost

Illustrated notes

Levels and vault maps discovered:
D:1:      lemuel_arrival_behind_the_door_large, layout_basic, minivault_24,
          dreamdust_wishing_well, moated_statue, minmay_hedge_maze
D:2:      layout_basic, dreamdust_ecumenical_altar_grove, eino_tiny_chamber,
          minmay_joined_circles
D:3:      layout_loops_ring, bloody_trog, mainiacjoe_overflow_tiny_flanked,
          minmay_fractal_squares_gapless_5
D:4:      layout_basic, bloody_makhleb, lemuel_crystal_altar,
          gammafunk_temple_overflow_pools, grunt_temple_overflow_open,
          gammafunk_ghost_mausoleum

Skill      XL: |  1  2  3  4  5 |
---------------+----------------+-----
Axes           | 2 3 4 |  4.2
Fighting       | 4 |  4.7
Armour         | 4 |  4.6
Shields        | |  3.2

Action                   |  1- 3 |  4- 6 || total
-------------------------+-------+-------++-------
Melee: War axe           |   119 |   226 ||   345
  Use: Scroll            |     2 |     4 ||     6
       Potion            |       |     2 ||     2
Armor: Scale mail        |    10 |       ||    10
       Plate armour      |   108 |   180 ||   288
Dodge: Dodged            |    42 |    55 ||    97
Block: Buckler           |    26 |    42 ||    68

Table legend: (Time is in decaauts)
 A = Elapsed time spent in this place.
 B = Non-inter-level travel time spent in this place.
 C = Inter-level travel time spent in this place.
 D = Time resting spent in this place.
 E = Time spent auto-exploring this place.
 F = Levels seen in this place.
 G = Mean time per level.
                   A        B        C        D        E       F      G
               +--------+--------+--------+--------+--------+-----+--------+
         Total |   3736 |   3639 |     97 |    955 |   1418 |   4 |  934.0 |
       Dungeon |   3736 |   3639 |     97 |    955 |   1418 |   4 |  934.0 |
               +--------+--------+--------+--------+--------+-----+--------+

Top non-repeatable levels by time:
     D:3: 1549 daAuts
     D:2: 1345 daAuts
     D:1: 736 daAuts
     D:4: 106 daAuts
